Map: Curious Minds LE

Players

Pumba - Winner!

  • Race: Protoss Protoss
  • League: Gold
  • Spawn Location: 11:00

Bral

  • Race: Zerg Zerg
  • Spawn Location: 5:00

VOD

Have the link to the VOD?

Description

Time

  • Played on: Feb. 1, 2022, 8:15 p.m.
  • Length: 9:44
Show
View Real Time Build Order
Export as new Build Order

Pumba Protoss - Winner!

Build Orders: 1 Gate Expand, Colossus Rush 

Get SALT Encoding   

  12  0:00  Probe  
  13  0:12  Probe  
  14  0:21  Pylon  
  14  0:27  Probe  
  15  0:39  Probe (Chrono Boost)  
  15  0:40  Gateway  
  16  0:48  Assimilator  
  16  0:52  Probe (Chrono Boost)  
  17  0:58  Probe (Chrono Boost)  
  18  1:06  Probe  
  19  1:18  Probe  
  20  1:26  Nexus  
  20  1:34  Cybernetics Core  
  20  1:41  Probe  
  20  1:46  Assimilator  
  21  1:53  Probe  
  22  1:59  Pylon  
  22  2:05  Probe  
  23  2:11  Warp Gate  
  23  2:17  Adept (Chrono Boost), Probe  
  26  2:25  Robotics Facility  
  27  2:30  Probe (Chrono Boost)  
  27  2:37  Stalker (Chrono Boost)  
  27  2:39  Probe (Chrono Boost)  
  31  2:47  Probe (Chrono Boost)  
  31  2:48  Probe (Chrono Boost)  
  32  2:53  Probe  
  32  2:54  Probe  
  34  3:05  Probe  
  34  3:06  Probe (Chrono Boost)  
  34  3:10  Gateway  
  34  3:11  Gateway  
  36  3:14  Observer  
  36  3:18  Probe (Chrono Boost)  
  39  3:23  Probe (Chrono Boost)  
  40  3:27  Probe (Chrono Boost)  
  40  3:29  Pylon  
  40  3:31  Probe (Chrono Boost)  
  41  3:38  Probe  
  41  3:40  Assimilator  
  42  3:41  Assimilator  
  42  3:42  Probe, Stalker  
  44  3:57  Immortal  
  44  3:59  Probe  
  49  4:03  Pylon  
  49  4:04  Probe  
  50  4:10  Robotics Bay  
  50  4:11  Probe  
  50  4:13  Pylon  
  50  4:16  Probe  
  52  4:24  Sentry x2  
  52  4:25  Sentry  
  52  4:26  Probe  
  52  4:30  Probe, Pylon  
  59  4:39  Probe  
  59  4:43  Probe  
  61  4:54  Colossus (Chrono Boost)  
  67  5:20  Sentry x3  
  73  5:24  Extended Thermal Lance (Chrono Boost)  
  73  5:25  Gateway  
  73  5:27  Gateway  
  73  5:28  Gateway  
  73  5:29  Gateway  
  73  5:32  Gateway  
  73  5:43  Pylon  
  73  5:53  Colossus (Chrono Boost)  
  77  6:00  Pylon  
  77  6:03  Pylon  
  77  6:04  Stalker x3  
  77  6:05  Pylon  
  83  6:12  Pylon  
  83  6:13  Pylon  
  83  6:17  Pylon  
  83  6:21  Stalker  
  83  6:22  Stalker  
  87  6:32  Warp Prism (Chrono Boost)  
  87  6:39  Stalker x4  
  97  6:52  Adept, Stalker  
  97  6:53  Stalker x2  
  105  7:20  Stalker x4  
  105  7:21  Stalker x3  
  119  7:26  Sentry  
  121  7:41  Gateway  
  121  7:49  Gateway x2  
  121  8:01  Shield Battery  
  121  8:09  Stalker x2  
  121  8:11  Pylon  
  125  8:13  Pylon  
  125  8:14  Pylon  
  125  8:16  Pylon  
  117  8:37  Warp Prism (Chrono Boost)  
  109  8:46  Stalker x5  
  115  9:07  Stalker x3  
  121  9:36  Stalker x4  
  121  9:37  Stalker x4  
Show
View Real Time Build Order
Export as new Build Order

Bral Zerg 

Build Orders: Hatch First 

Get SALT Encoding   

  12  0:01  Drone  
  13  0:08  Drone  
  14  0:18  Overlord  
  14  0:38  Drone x2  
  14  0:41  Drone  
  17  0:58  Drone  
  17  1:02  Hatchery  
  17  1:12  Spawning Pool  
  17  1:14  Overlord  
  16  1:21  Drone  
  16  1:23  Drone  
  18  1:32  Drone  
  19  1:48  Drone  
  20  1:57  Drone  
  20  1:58  Extractor  
  20  2:05  Overlord  
  20  2:08  Hatchery  
  19  2:20  Zergling x4  
  21  2:38  Hatchery  
  21  2:45  Hatchery  
  21  2:49  Hatchery  
  21  2:51  Evolution Chamber  
  21  2:52  Drone  
  21  2:53  Drone x2  
  23  3:01  Drone x3  
  26  3:06  Queen  
  26  3:07  Queen  
  26  3:09  Drone  
  31  3:20  Drone x2  
  31  3:26  Queen, Drone  
  36  3:40  Extractor  
  35  3:41  Metabolic Boost  
  35  3:42  Queen  
  35  3:44  Drone x4  
  41  3:57  Zergling x2  
  41  3:58  Drone  
  41  3:59  Drone x5  
  48  4:24  Zergling x2  
  48  4:25  Zergling x2  
  48  4:28  Baneling Nest  
  49  4:35  Drone  
  50  4:40  Spine Crawler  
  50  4:41  Spine Crawler  
  48  4:45  Spine Crawler  
  48  4:50  Lair  
  48  4:51  Extractor  
  46  4:55  Drone x2  
  46  4:56  Drone x2  
  50  5:13  Overlord  
  50  5:16  Overlord  
  50  5:23  Overlord x3  
  50  5:38  Zergling x14  
  50  5:39  Zergling x14  
  64  5:53  Zergling x12, Centrifugal Hooks  
  70  5:58  Overseer  
  70  6:08  Spire, Extractor  
  70  6:10  Drone x6  
  73  6:47  Overlord x3  
  73  6:48  Overlord  
  72  7:22  Spine Crawler x2  
  70  7:23  Spine Crawler  
  70  7:24  Spine Crawler  
  70  7:25  Spine Crawler x2  
  70  7:26  Spine Crawler  
  70  7:28  Spine Crawler  
  60  7:45  Corruptor x7  
  60  7:46  Corruptor  
  60  7:47  Zergling x2, Spore Crawler  
  73  7:54  Hatchery  
  73  7:57  Zergling x8  
  68  8:05  Zergling x2  
  68  8:06  Zergling x6  
  64  8:28  Zergling x6  
  64  8:29  Zergling x12  
  56  8:40  Zergling x8  
  48  8:58  Zergling x14  
  53  9:07  Queen  
  53  9:09  Zergling x2  
  56  9:24  Zergling x4  
Tags
 
Add a new tag
Caveats
  • Supply blocks, unpowered buildings, or Contaminate may cause inaccurate times.
  • Supply counts are checked every 10 seconds.